 Dungeon Crawl Stone Soup version 0.26-a0-834-g69557b85cc (webtiles) character file.

Game seed: 18217570313742067966

247 dickylongcocking the Sneak (level 5, -7/27 HPs)
             Began as a Felid Delver on Nov 17, 2020.
             Was a Follower of Dithmenos.
             Mangled by Pikel
             ... wielding a +0 whip of flaming
              (8 damage)
             ... on level 3 of the Dungeon.
             The game lasted 00:05:04 (4084 turns).

dickylongcocking the Sneak (Felid Delver)           Turns: 4084, Time: 00:05:04

Health: -7/27      AC:  2    Str: 14    XL:     5   Next: 85%
Magic:  6/6        EV: 18    Int: 13    God:    Dithmenos [*.....]
Gold:   320        SH:  0    Dex: 18    Spells: 4/4 levels left
                                        Lives:  0   Deaths: 1

rFire    . . .     SeeInvis +     - Unarmed
rCold    . . .     Faith    .   (shield unavailable)
rNeg     . . .     Spirit   .   (armour unavailable)
rPois    +         Reflect  .   (helmet unavailable)
rElec    .         Harm     .   (cloak unavailable)
rCorr    .         Rampage  .   (gloves unavailable)
MR       .....     Rnd*Rage +   (boots unavailable)
Stlth    +++++.....             (no amulet)
HPRegen  0.09/turn              g - +6 ring of strength
MPRegen  0.10/turn              k - ring of poison resistance

@: wreathed by umbra, quick
A: very small, no armour, no weapons or thrown items, stealth, claws 1, fangs 3,
horns 1, see invisible, berserk 1, speed 1, robust 1, shaggy fur 2, MP-powered
wands, sharp paws
a: Renounce Religion


You were on level 3 of the Dungeon.
You worshipped Dithmenos.
Dithmenos was aware of your devotion.
You visited 1 branch of the dungeon, and saw 5 of its levels.

You collected 320 gold pieces.

Inventory:

Jewellery
 g - a +6 ring of strength (left paw)
 k - a ring of poison resistance (right paw)
 l - an uncursed ring of wizardry
 m - an uncursed ring of positive energy
 p - a +6 ring of strength
 r - a +4 ring of evasion {unknown}
Wands
 e - a wand of digging (4)
Scrolls
 a - 2 scrolls of fog
 c - 3 scrolls of fear
 h - 3 scrolls of remove curse {unknown}
 i - a scroll of enchant armour {unknown}
 j - 6 scrolls of identify {unknown}
 u - a scroll of noise {unknown}
Potions
 b - 5 potions of curing
 d - a potion of haste
 n - a potion of attraction


   Skills:
 * Level 4.9 Fighting
 + Level 3.0 Dodging
 + Level 6.9 Stealth
 * Level 5.9 Unarmed Combat
 * Level 0.0 Evocations


You had 4 spell levels left.
You didn't know any spells.
Your spell library was empty.

Dungeon Overview and Level Annotations

Branches:
Dungeon (5/15)
 Temple: D:4-7

Altars:
Dithmenos
Xom

Annotations:
D:3 Pikel
D:4 Purgy


Innate Abilities, Weirdness & Mutations

You cannot wear armour.
You are incapable of wielding weapons or throwing items.
Your paws allow you to move quietly. (Stealth)
You have sharp claws.
You have razor-sharp teeth.
You have supernaturally acute eyesight. (SInv)
You cover ground quickly.
You are covered in thick fur. (AC +2)
Your sharp claws are effective at attacking unaware monsters.
You have a pair of small horns on your head.
You tend to lose your temper in combat.
You are robust. (+10% HP)
You expend magic power (3 MP) to strengthen your wands.


Message History

Evoke which item? (* to show all) (? for menu, Esc to quit)
Okay, then.
Unknown command.
It was a potion of mutation.
You feel extremely strange.
You feel a little pissed off.
You feel robust. A pair of horns grows on your head!
You feel your magical essence link to the dungeon's wands.
Unknown command.
Pikel hits you with a +0 whip of flaming!
* * * LOW HITPOINT WARNING * * *
Pikel burns you.
* * * LOW HITPOINT WARNING * * *
You closely miss Pikel. Your headbutt misses Pikel.
Pikel is severely wounded.
Pikel closely misses you.
Unknown command.
You scratch Pikel but do no damage. You headbutt Pikel.
Pikel is severely wounded.
Pikel hits you with a +0 whip of flaming!
You die...

#.....####.##### #<.............
##..........#######..............
..............#................K.
..#................#.............
##.................##.....##.....
#....#.............##############
.....#.............# ##....
#..................# ##.....
.....#.........K@..########......
#######........##.........#......
....>....<......#.........#......
######..#########.........#......
#.##......###........#......
###.........##..............
#...........##......##.....
#............#......###....
#............##.....# #####


You could see Pikel.

Vanquished Creatures
  A lemure (D:3)
  Crazy Yiuf (D:3)
  4 hounds (D:4)
  Ijyb (D:3)
  Natasha (thrice) (D:2)
  An iguana (D:4)
  Robin (D:3)
  A gnoll (D:1)
  3 adders
  An ooze (D:1)
  4 worms
  2 dart slugs
  2 leopard geckos
  3 orcs (D:3)
  2 ball pythons
  11 bats
  4 giant cockroaches
  19 goblins
  9 hobgoblins
  8 jackals
  A quokka (D:4)
  5 frilled lizards
  7 kobolds
  6 rats
100 creatures vanquished.

Vanquished Creatures (others)
  4 plants (D:1)
4 creatures vanquished.

Grand Total: 104 creatures vanquished

Notes
Turn   | Place    | Note
-------+----------+-------------------------------------------
     0 | D:5      | dickylongcocking the Felid Delver began the quest for the
                  | Orb.
     0 | D:5      | Reached XP level 1. HP: 10/10 MP: 2/2
    25 | D:5      | Noticed an ice beast
    33 | D:4      | Noticed a hound
    35 | D:4      | Killed a hound
    36 | D:4      | Reached XP level 2. HP: 14/14 MP: 3/3
    36 | D:4      | Reached XP level 3. HP: 17/17 MP: 4/4
    58 | D:4      | Reached XP level 4. HP: 17/21 MP: 5/5
  1121 | D:1      | Reached XP level 5. HP: 15/24 MP: 6/6
  1693 | D:2      | Noticed Natasha
  1700 | D:2      | Killed Natasha
  1701 | D:2      | Reached skill level 5 in Unarmed Combat
  1791 | D:2      | Found a shadowy altar of Dithmenos.
  1802 | D:2      | Became a worshipper of Dithmenos the Shadowed
  1837 | D:2      | Noticed Natasha
  1844 | D:2      | Killed Natasha
  2170 | D:2      | Noticed Natasha
  2183 | D:2      | Killed Natasha
  2301 | D:3      | Noticed Ijyb
  2303 | D:3      | Killed Ijyb
  2341 | D:3      | Gained mutation: You are covered in thick fur. (AC +2)
                  | [Felid growth]
  2341 | D:3      | Reached XP level 6. HP: 25/29 MP: 7/7
  2381 | D:3      | Found a shimmering altar of Xom.
  2494 | D:3      | Identified the cursed +0 helmet "Biemn" {rF- MR+ Str+3}
  2494 | D:3      | Noticed Robin
  2517 | D:3      | Killed Robin
  2541 | D:3      | Reached * piety under Dithmenos
  2972 | D:3      | Found a runed translucent door.
  2973 | D:3      | Noticed Crazy Yiuf
  3036 | D:3      | Killed Crazy Yiuf
  3323 | D:4      | Noticed Purgy
  3369 | D:4      | Slain by Purgy
  3370 | D:4      | Reached XP level 5. HP: -2/25 MP: 6/6
  3519 | D:4      | Noticed a lemure
  3522 | D:4      | Noticed Pikel
  3522 | D:4      | Noticed a lemure
  3522 | D:4      | Noticed a lemure
  3525 | D:4      | Noticed a lemure
  3865 | D:3      | Killed a lemure
  4081 | D:3      | Gained mutation: You tend to lose your temper in combat.
                  | [potion of mutation]
  4081 | D:3      | Gained mutation: You are robust. (+10% HP) [potion of
                  | mutation]
  4081 | D:3      | Gained mutation: You have a pair of small horns on your
                  | head. [potion of mutation]
  4081 | D:3      | Gained mutation: You expend magic power (3 MP) to
                  | strengthen your wands. [potion of mutation]
  4082 | D:3      | HP: 1/27 [Pikel/+0 whip of flaming (4)]
  4084 | D:3      | Mangled by Pikel

Illustrated notes

Levels and vault maps discovered:
D:1:      lightli_arrival_flooded_house, layout_basic, supply_closet_lemuel,
          minmay_vboxes
D:2:      layout_basic, grunt_dithmenos_smoke, uniq_natasha
D:3:      layout_rooms, tgw_xom, kennysheep_potato, uniq_crazy_yiuf_cottage,
          uniq_robin, uniq_ijyb
D:4:      layout_basic, hangedman_abyss_or_decor_stagger, uniq_purgy, uniq_pikel
D:5:      layout_rooms, elyvilon_altar_4, lemuel_crystal_altar

Skill      XL: |  1  2  3  4  5 |
---------------+----------------+-----
Unarmed Combat | 3 4 5 |  5.9
Fighting       | 4 |  4.9
Dodging        | 3 |  3.0
Stealth        | |  6.9

Action                   |  1- 3 |  4- 6 || total
-------------------------+-------+-------++-------
Melee: Unarmed           |    14 |   241 ||   255
       Bite              |     2 |    21 ||    23
       Punch             |       |     5 ||     5
       Headbutt          |       |     1 ||     1
Evoke: Wand              |       |    22 ||    22
  Use: Potion            |     2 |     5 ||     7
       Scroll            |       |     1 ||     1
 Stab: Sleeping          |     2 |    22 ||    24
       Distracted        |       |     1 ||     1
Armor: Skin              |       |    15 ||    15
Dodge: Dodged            |    10 |   197 ||   207

Table legend: (Time is in decaauts)
 A = Elapsed time spent in this place.
 B = Non-inter-level travel time spent in this place.
 C = Inter-level travel time spent in this place.
 D = Time resting spent in this place.
 E = Time spent auto-exploring this place.
 F = Levels seen in this place.
 G = Mean time per level.
                   A        B        C        D        E       F      G
               +--------+--------+--------+--------+--------+-----+--------+
         Total |   3654 |   3582 |     72 |   1170 |   1584 |   5 |  730.8 |
       Dungeon |   3654 |   3582 |     72 |   1170 |   1584 |   5 |  730.8 |
               +--------+--------+--------+--------+--------+-----+--------+

Top non-repeatable levels by time:
     D:3: 1262 daAuts
     D:1: 935 daAuts
     D:2: 866 daAuts
     D:4: 562 daAuts
     D:5: 27 daAuts
